 Dungeon Crawl Stone Soup version 0.31.0-32-g396128a36d (webtiles) character file.

Game seed: 17932187799644768142

30 leafyfresh the Magician (level 3, -5/25 HPs)
             Began as a Djinni Ice Elementalist on Mar 22, 2024.
             Slain by an ogre
             ... wielding a +0 giant club
              (30 damage)
             ... on level 2 of the Dungeon.
             The game lasted 00:01:49 (1155 turns).

leafyfresh the Magician (Djinni Ice Elementalist)   Turns: 1155, Time: 00:01:49

Health: -5/25      AC:  2    Str:  7    XL:     3   Next: 37%
Gold:   102        EV: 12    Int: 24    God:
                   SH:  0    Dex: 13

rFire   + + .        k - +2 dagger (protect)
rCold   x . .        (no shield)
rNeg    . . .        a - +0 robe
rPois   ∞            (no helmet)
rElec   .            (no cloak)
rCorr   .            (no gloves)
SInv    .            (boots unavailable)
Will    .....        (no amulet)
Stlth   ++           d - +6 ring of intelligence
HPRegen 0.24/turn    (no ring)
MPRegen 0.00/turn

%: infuse magic (-6 HP)
@: flying
A: sickness immunity, fire resistance 2, cold vulnerability 1, float, innate
caster, HP casting, extra vitality 1
a: no special abilities


You were on level 2 of the Dungeon.
You visited 1 branch of the dungeon, and saw 2 of its levels.

You collected 102 gold pieces.

Inventory:

Hand Weapons
 b - a +0 dagger
 k - a +2 dagger of protection (weapon)
Armour
 a - a +0 robe (worn)
Jewellery
 d - a +6 ring of intelligence (left hand)
Scrolls
 c - a scroll of fog {unknown}
 f - a scroll of teleportation {unknown}
 g - a scroll of immolation {unknown}
 i - a scroll of brand weapon {unknown}
Potions
 e - a potion of haste {unknown}
 h - a potion of degeneration {unknown}
 j - a potion of curing {unknown}


   Skills:
 - Level 2.1 Dodging
 - Level 1.5 Stealth
 + Level 4.2 Spellcasting
 + Level 4.2 Conjurations
 + Level 4.2 Hexes
 + Level 4.2 Summonings
 + Level 4.2 Necromancy
 + Level 4.2 Translocations
 + Level 4.2 Fire Magic
 + Level 4.2 Ice Magic
 + Level 4.2 Air Magic
 + Level 4.2 Earth Magic
 + Level 4.2 Alchemy


You knew the following spells:

 Your Spells              Type           Power      Damage    Failure   Level
a - Freeze                Ice            100%       1d10      1%          1
b - Frozen Ramparts       Ice            50%        1d8       4%          3
c - Ozocubu's Armour      Ice            25%        N/A       4%          3
d - Summon Ice Beast      Ice/Summ       25%        N/A       4%          3
e - Kiss of Death         Conj/Necr      100%       2d13      1%          1
Your spell library was empty.

Dungeon Overview and Level Annotations

Branches:
Dungeon (2/15)

Altars:

Shops:
D:2 ([


Innate Abilities, Weirdness & Mutations

You are immune to sickness and miasma.
You are immune to poison.
Your flesh is very heat resistant. (rF++)
You are vulnerable to cold. (rC-)
You float through the air rather than walking.
You learn spells naturally, not from books.
Your magical power is your life essence.
You have superior vitality. (+4 MHP)


Message History

No target in view!
Found a stone staircase leading down.
No target in view!
A goblin comes into view.
It is wielding a +2 dagger of protection.
You see here a +0 whip.
A goblin is nearby!
A goblin is nearby!
A goblin is nearby!
You hit the goblin but do no damage. The goblin barely misses you.
You hit the goblin.
The goblin is heavily wounded.
The goblin closely misses you.
Casting: Frozen Ramparts (quite dangerous; 4% risk of failure)
Confirm with . or Enter, or press ? or * to list all spells.
Okay, then.
Unknown command.
Casting: Frozen Ramparts (quite dangerous; 4% risk of failure)
Confirm with . or Enter, or press ? or * to list all spells.
Aiming: Freeze (safe; 1% risk of failure)
Press: ? - help, Shift-Dir - straight line, f - goblin
Aim: a goblin, wielding a +2 dagger of protection (heavily wounded)
You freeze the goblin.
You kill the goblin!
Unknown command.
Unknown command.
Casting: Freeze (safe; 1% risk of failure)
Confirm with . or Enter, or press ? or * to list all spells.
Okay, then.
You see here a +2 dagger of protection.
k - a +2 dagger of protection Your +2 dagger of protection hums with potential!
k - a +2 dagger of protection (weapon)
An ogre comes into view. It is wielding a +0 giant club.
The ogre shouts!
An ogre is nearby!
An ogre is nearby!
You barely miss the ogre.
The ogre hits you with a +0 giant club!!
Ouch! That really hurt!
You die...

#########.#.. ###
#.......#.... ..#
#............ #.#
#......###... ..#
#......###.#. ##.#
#......#...#. ..#
#............ #O#
#..........## #@#
#########.##
###.###### #.#
#........#######.#
#.###.##......##.#
#. #.##....#.##.#
# #.......#.##.#
...##.........#
.......####.####
######.####.#


You could see an ogre.

Vanquished Creatures
  2 dart slugs
  3 endoplasms
  A giant cockroach (D:2)
  2 goblins
  A hobgoblin (D:1)
  4 kobolds
  2 quokkas
  3 ball pythons
  3 bats (D:1)
  A frilled lizard (D:1)
  A rat (D:1)
23 creatures vanquished.

Notes
Turn   | Place    | Note
-------+----------+-------------------------------------------
     0 | D:1      | leafyfresh the Djinni Ice Elementalist began the quest for
                  | the Orb.
     0 | D:1      | leafyfresh set off with the following spells memorised:
                  | Freeze, Frozen Ramparts, Ozocubu's Armour, Summon Ice
                  | Beast.
     0 | D:1      | Reached XP level 1. HP: 15/15 MP: 0/0
   107 | D:1      | Reached XP level 2. HP: 9/21 MP: 0/0
   794 | D:2      | Found Kudauczi's Antique Weapon Boutique.
   804 | D:2      | Noticed an animated storm dragon scales
   807 | D:2      | Found Mos Pafa's Armour Shoppe.
   809 | D:2      | Noticed an animated gold dragon scales
   852 | D:2      | Reached XP level 3. HP: 24/25 MP: 0/0
   852 | D:2      | Learned a level 1 spell: Kiss of Death
  1152 | D:2      | Noticed an ogre
  1155 | D:2      | Slain by an ogre

Illustrated notes

Levels and vault maps discovered:
D:1:      lightli_arrival_maybe_door_vault, layout_basic
D:2:      layout_loops_cross, serial_shops, shop, nicolae_shop_hallway_stairs,
          shop_fountains, nicolae_shop_mannequins

Skill      XL: |  1  2 |
---------------+-------+-----
Spellcasting   | 4 |  4.2
Conjurations   | 4 |  4.2
Hexes          | 4 |  4.2
Summonings     | 4 |  4.2
Necromancy     | 4 |  4.2
Translocations | 4 |  4.2
Fire Magic     | 4 |  4.2
Ice Magic      | 4 |  4.2
Air Magic      | 4 |  4.2
Earth Magic    | 4 |  4.2
Alchemy        | 4 |  4.2
Dodging        | |  2.1
Stealth        | |  1.5

Action                     || total
---------------------------++-------
  Melee: Dagger            ||    38
   Cast: Freeze            ||    20
         Frozen Ramparts   ||     3
   Stab: Sleeping          ||     1
 Armour: Robe              ||    30
  Dodge: Dodged            ||    37
